 Dungeon Crawl Stone Soup version 0.24.0-1-gfbc8707122 (webtiles) character file.

Game seed: 15198761965252942170, levelgen mode: deterministic

322 Froggeryz the Cudgeler (level 6, 0/37 HPs)
             Began as a Kobold Chaos Knight on Oct 27, 2019.
             Was a Plaything of Xom.
             Engulfed by a cloud of poison gas (7 damage)
             ... on level 4 of the Dungeon.
             The game lasted 00:08:05 (3206 turns).

Froggeryz the Cudgeler (Kobold Chaos Knight)        Turns: 3206, Time: 00:08:05

Health: 0/37       AC:  5    Str: 12    XL:     6   Next: 76%
Magic:  6/6        EV: 16    Int: 15    God:    Xom [..*...]
Gold:   1918       SH:  4    Dex: 14    Spells: 5/5 levels left

rFire    + + .     SeeInvis .   e - +0 whip (distort)
rCold    + + .     Gourm    .   (shield restricted)
rNeg     . . .     Faith    .   b - +2 leather armour
rPois    .         Spirit   .   (no helmet)
rElec    .         Reflect  .   q - scarf {rC+ rF+}
rCorr    +         Harm     .   (no gloves)
MR       .....                  (no boots)
Stlth    ++........             (no amulet)
HPRegen  0.12/turn              w - ring of resist corrosion
MPRegen  0.10/turn              t - ring of stealth

@: lethally poisoned (0 -> -27)
A: small, claws 1, large bone plates 1, carnivore, cold resistance 1, fire
resistance 1, strong 1
a: Renounce Religion


You were on level 4 of the Dungeon.
You worshipped Xom.
You were a toy of Xom.
You were completely stuffed.

You visited 1 branch of the dungeon, and saw 4 of its levels.

You collected 1918 gold pieces.

Inventory:

Hand Weapons
 a - a +0 mace of chaos
 e - a +0 whip of distortion (weapon)
 C - a +4 quarterstaff of chaos
 D - a +0 mace
Missiles
 p - 23 poisoned darts (quivered)
 A - 2 atropa-tipped darts
Armour
 b - a +2 leather armour (worn)
 m - a +0 cloak of invisibility
 q - a scarf of resistance (worn)
 r - a +0 buckler
 s - a scarf of spirit shield
Jewellery
 d - an uncursed ring of flight
 t - a ring of stealth (right claw)
 w - a ring of resist corrosion (left claw)
Scrolls
 h - a scroll of amnesia {unknown}
 j - a scroll of identify
 l - a scroll of enchant weapon {unknown}
 n - 2 scrolls of fear {unknown}
 o - a scroll of blinking {unknown}
 u - a scroll of fog {unknown}
 y - a scroll of magic mapping {unknown}
 z - a scroll of teleportation {unknown}
Potions
 f - a potion of curing
 g - 2 potions of magic
 i - 2 potions of ambrosia {unknown}
 k - a potion of lignification {unknown}
 v - a potion of heal wounds {unknown}
 x - a potion of resistance {unknown}
Comestibles
 c - 13 rations
 B - a chunk of flesh


   Skills:
 - Level 3.2 Fighting
 - Level 4.3 Maces & Flails
 - Level 0.7 Armour
 - Level 4.0 Dodging
 * Level 3.3 Shields


You had 5 spell levels left.
You didn't know any spells.
Your spell library was empty.

Dungeon Overview and Level Annotations

Branches:
Dungeon (4/15)
 Temple: D:4-7

Altars:
Hepliaklqana
Nemelex Xobeh
Qazlal
Uskayaw
Xom


Innate Abilities, Weirdness & Mutations

You are small and have problems with some larger weapons.
You are carnivorous and can eat meat at any time.
You have sharp fingernails.
You are partially covered in large bone plates. (SH +4)
Your flesh is cold resistant. (rC+)
Your flesh is heat resistant. (rF+)
Your muscles are strong. (Str +2)


Message History

You are more poisoned.
* * * LOW HITPOINT WARNING * * *
x2 You feel sick.
There is a shimmering altar of Xom here.
Unknown command.
Press < or > to pray at altars.
You feel better.
You are engulfed in poison gas.
You are poisoned.
* * * LOW HITPOINT WARNING * * *
x2 You feel sick.
Unknown command.
Press < or > to pray at altars.
Okay, then.
Okay, then.
Unknown command.
Press < or > to pray at altars.
You are engulfed in poison gas.
You are more poisoned.
You die... "It was about time."

#####
#§§☼#
#§☼§#
#§§§#
##@##
######
### ♣♣[♣
#....#
#.. ♣.♣♣
####.#
##'# ♣♣.♣
#.# #...
♣_♣♣ #.#
#...
♣♣.♣♣
#.####...
♣...♣♣
#....'...
♣).).♣
######...
#....#
#...


There were no monsters in sight!

Vanquished Creatures
  Eustachio (D:4)
  Crazy Yiuf (D:4)
  An adder (D:3)
  3 gnolls (D:2)
  2 oozes (D:2)
  2 worms
  3 dart slugs (D:1)
  2 leopard geckos
  An orc (D:3)
  4 giant cockroaches
  9 goblins
  12 hobgoblins
  2 jackals (D:3)
  9 kobolds
  3 ball pythons
  11 bats
  5 frilled lizards
  A leopard gecko skeleton (D:4)
  10 rats
82 creatures vanquished.

Vanquished Creatures (others)
  A gnoll (D:2)
  An ooze (D:2)
2 creatures vanquished.

Grand Total: 84 creatures vanquished

Notes
Turn   | Place    | Note
-------+----------+-------------------------------------------
     0 | D:1      | Froggeryz the Kobold Chaos Knight began the quest for the
                  | Orb.
     0 | D:1      | Reached XP level 1. HP: 14/14 MP: 1/1
    92 | D:1      | XOM: potion effect (haste)
   104 | D:1      | Reached XP level 2. HP: 13/19 MP: 2/2
   318 | D:1      | XOM: god gift: 1720 gold pieces
   389 | D:1      | Reached XP level 3. HP: 23/23 MP: 3/3
   609 | D:1      | XOM: give mutations
   609 | D:1      | Gained mutation: You have sharp fingernails. [Xom's grace]
   609 | D:1      | Gained mutation: Your flesh is cold resistant. (rC+) [Xom's
                  | grace]
   609 | D:1      | Gained mutation: You are partially covered in large bone
                  | plates. (SH +4) [Xom's grace]
   609 | D:1      | Gained mutation: Your muscles are strong. (Str +2) [Xom's
                  | grace]
   662 | D:2      | XOM: give mutation
   662 | D:2      | Gained mutation: Your flesh is heat resistant. (rF+) [Xom's
                  | mischief]
   724 | D:2      | XOM: summons 2 hostile shadow creatures
   779 | D:2      | XOM: 2-stop teleportation journey
   824 | D:2      | XOM: butterfly on damage
   833 | D:2      | XOM: butterfly on damage
   852 | D:2      | Reached XP level 4. HP: 22/28 MP: 4/4
   966 | D:1      | XOM: mild Tloc miscast
  1600 | D:2      | XOM: harmless Tmut miscast
  1736 | D:2      | Reached XP level 5. HP: 32/32 MP: 5/5
  1786 | D:2      | XOM: torment (17/32 hp)
  1931 | D:2      | XOM: divination: magic mapping
  2037 | D:3      | Found a stormy altar of Qazlal.
  2352 | D:3      | XOM: stat loss: -1 Dex (13/14)
  2465 | D:3      | Found a hazy altar of Hepliaklqana.
  2480 | D:3      | Found a faded altar of an unknown god.
  2507 | D:3      | Reached skill level 1 in Shields
  2528 | D:3      | XOM: harmless Erth miscast
  2615 | D:3      | Found a sparkling altar of Nemelex Xobeh.
  2632 | D:3      | XOM: medium Chrm miscast
  2663 | D:4      | Noticed Eustachio
  2666 | D:4      | XOM: summons friendly ufetubus
  2688 | D:4      | XOM: potion effect (heal wounds)
  2745 | D:4      | Noticed a +0 dagger
  2745 | D:4      | Noticed a +0 hand axe
  2748 | D:4      | Found a hide-covered altar of Uskayaw.
  2837 | D:4      | XOM: potion effect (berserk rage)
  2839 | D:4      | XOM: cast spell 'Leda's Liquefaction'
  2863 | D:4      | XOM: cast spell 'Summon Butterflies'
  2868 | D:4      | Killed Eustachio
  2868 | D:4      | Reached XP level 6. HP: 26/37 MP: 6/6
  2943 | D:4      | XOM: mild Ice miscast
  3012 | D:4      | Found a runed translucent door.
  3013 | D:4      | Noticed Crazy Yiuf
  3021 | D:4      | XOM: scenery: create altars
  3025 | D:4      | Killed Crazy Yiuf
  3190 | D:4      | XOM: noise
  3202 | D:4      | XOM: medium Air miscast
  3206 | D:4      | Engulfed by a cloud of poison gas

Levels and vault maps discovered:
D:1:      lightli_arrival_statue_moat, layout_loops_ring, serial_rivers,
          chequers_serial_rivers_micro_c, chequers_serial_rivers_small_a,
          chequers_serial_rivers_marsh, chequers_serial_rivers_small_3,
          chequers_serial_rivers_large_a, chequers_serial_rivers_room_b
D:2:      layout_basic, first_ration
D:3:      layout_loops_ring, lemuel_crystal_altar, overflow_temple_1_default,
          lemuel_coloured_pillars_altar, chequers_ecumenical_altar_island
D:4:      layout_basic, dancing_weapons_uskayaw, minmay_lizard_king,
          uniq_crazy_yiuf_cottage, uniq_menkaure, uniq_eustachio

Skill      XL: |  1  2  3  4  5 |
---------------+----------------+-----
Maces & Flails | 3 4 |  4.3
Dodging        | 3 4 |  4.0
Shields        | 3 |  3.3
Fighting       | |  3.2
Armour         | |  0.7

Action                   |  1- 3 |  4- 6 || total
-------------------------+-------+-------++-------
Melee: Mace              |    18 |       ||    18
       Whip              |    85 |   147 ||   232
Throw: Stone             |     1 |       ||     1
       Dart              |       |     5 ||     5
  Use: Scroll            |     1 |       ||     1
       Potion            |     1 |     1 ||     2
 Stab: Sleeping          |     1 |    10 ||    11
  Eat: Chunk             |     1 |    15 ||    16
Armor: Leather armour    |    25 |    17 ||    42
Dodge: Dodged            |    70 |    82 ||   152
Block: Other             |     6 |    27 ||    33
